[ AOE2 MATCH · #477211048 ]
UnrankedGoths vs Britons
[ REPLAY ANALYSIS · EXTRACTED FROM THE RECORDED GAME ]
Feudal
12:24
Castle
16:33
Imperial
31:01
| APM avg | 21.6 |
| APM peak | 44 |
| eAPM avg | 18.3 |
| Villagers / military | 142 / 6107 |
Focus
⚔️ 72.8% · 🌾 27.2%
Spearman ×4813 · Huskarl ×1228 · Militia ×55 · Unknown (882) ×31 · Bombard Cannon ×9 · Monk ×2
Feudal
11:41
Castle
15:16
Imperial
31:25
| APM avg | 19.9 |
| APM peak | 51 |
| eAPM avg | 13.0 |
| Villagers / military | 148 / 2285 |
Focus
⚔️ 49.2% · 🌾 50.8%
Militia ×1253 · Spearman ×519 · Archer ×440 · Trade Cart ×50 · Scorpion ×46 · Trebuchet (Packed) ×26
Feudal
—
Castle
—
Imperial
—
| APM avg | 27.8 |
| APM peak | 60 |
| eAPM avg | 20.9 |
| Villagers / military | 124 / 2322 |
Focus
⚔️ 49.0% · 🌾 51.0%
Archer ×1254 · Spearman ×636 · Militia ×237 · Mangonel ×105 · Skirmisher ×85 · Unknown (1962) ×54
Feudal
12:29
Castle
16:24
Imperial
36:49
| APM avg | 46.2 |
| APM peak | 116 |
| eAPM avg | 35.7 |
| Villagers / military | 159 / 2016 |
Focus
⚔️ 64.9% · 🌾 35.1%
Skirmisher ×942 · Knight ×470 · Scout Cavalry ×306 · Throwing Axeman ×224 · Trade Cart ×70 · Cavalry Archer ×21
Feudal
12:40
Castle
18:48
Imperial
32:10
| APM avg | 45.1 |
| APM peak | 167 |
| eAPM avg | 32.9 |
| Villagers / military | 159 / 1677 |
Focus
⚔️ 63.0% · 🌾 37.0%
Throwing Axeman ×1488 · Bombard Cannon ×103 · Knight ×53 · Trade Cart ×51 · Monk ×20 · Trebuchet (Packed) ×12
Feudal
14:18
Castle
19:06
Imperial
37:26
| APM avg | 20.8 |
| APM peak | 48 |
| eAPM avg | 17.4 |
| Villagers / military | 194 / 3841 |
Focus
⚔️ 62.6% · 🌾 37.4%
Skirmisher ×1892 · Scout Cavalry ×956 · Archer ×816 · Genoese Crossbowman ×84 · Bombard Cannon ×83 · Trade Cart ×51
Match map
Initial resources + every placement click. Lines = walls · curves = elevation contours. ◆ gold · ⬟ stone · ● berries · ✦ relic · ◌ wall gap
Your base· ✓ Closed at 16:33 · 0t walls · no gate
SoloTheDog's base· Open — opponent sealed themselves in
Rogue1Banana's base· Open — opponent sealed themselves in
[Baratos] Roler The Lag Bringer's base· ✓ Closed at 16:24 · 8t walls · no gate
michaelye023755's base· ✓ Closed at 18:48 · 58t walls · 1 gate(s)
sergio-h-h's base· ✓ Closed at 19:06 · 92t walls · no gate
Smoothed initial terrain · ◌ = detected wall gap · hover for details
Inputs per minute
— [GDL] Lissom - - SoloTheDog
Build order — [GDL] Lissom
First 150 of 1803 actions detected
| 0:01 | Create | Villager (Male) |
| 0:01 | Create | Villager (Male) |
| 0:02 | Create | Villager (Male) |
| 0:02 | Create | Villager (Male) |
| 0:04 | Build | House |
| 0:06 | Build | House |
| 1:25 | Create | Villager (Male) |
| 1:58 | Build | Lumber Camp |
| 2:04 | Create | Villager (Male) |
| 2:35 | Create | Villager (Male) |
| 3:25 | Create | Villager (Male) |
| 3:26 | Create | Villager (Male) |
| 3:42 | Build | House |
| 3:45 | Create | Villager (Male) |
| 4:29 | Create | Villager (Male) |
| 4:56 | Create | Villager (Male) |
| 5:10 | Build | Mill |
| 5:16 | Create | Villager (Male) |
| 5:16 | Create | Villager (Male) |
| 6:09 | Build | House |
| 6:27 | Research | Loom |
| 6:29 | Create | Villager (Male) |
| 6:29 | Create | Villager (Male) |
| 6:29 | Create | Villager (Male) |
| 6:43 | Create | Villager (Male) |
| 7:08 | Create | Villager (Male) |
| 7:09 | Create | Villager (Male) |
| 7:09 | Create | Villager (Male) |
| 7:22 | Build | House |
| 7:45 | Create | Villager (Male) |
| 8:08 | Create | Villager (Male) |
| 9:27 | Research | Feudal Age |
| 9:32 | Build | Mining Camp |
| 9:51 | Create | Villager (Male) |
| 10:24 | Build | Lumber Camp |
| 12:24 | Age | Feudal Age |
| 12:33 | Build | Blacksmith |
| 12:36 | Build | Market |
| 13:03 | Create | Villager (Male) |
| 13:04 | Create | Villager (Male) |
| 13:37 | Research | Castle Age |
| 13:52 | Build | House |
| 13:55 | Build | House |
| 13:56 | Build | House |
| 13:57 | Build | House |
| 13:59 | Build | House |
| 14:22 | Research | Double-Bit Axe |
| 14:25 | Research | Horse Collar |
| 16:33 | Age | Castle Age |
| 16:35 | Build | Town Center |
| 16:40 | Build | Town Center |
| 16:45 | Build | Town Center |
| 16:49 | Create | Villager (Male) |
| 17:25 | Create | Villager (Male) |
| 17:27 | Research | Bow Saw |
| 17:28 | Research | Heavy Plow |
| 17:51 | Build | Farm |
| 17:52 | Build | Farm |
| 17:54 | Build | Farm |
| 17:56 | Build | Farm |
| 18:00 | Build | Farm |
| 18:01 | Build | Farm |
| 18:02 | Build | Farm |
| 18:04 | Build | Farm |
| 18:07 | Create | Villager (Male) |
| 18:07 | Create | Villager (Male) |
| 18:07 | Create | Villager (Male) |
| 18:12 | Build | Farm |
| 18:18 | Create | Villager (Male) |
| 18:25 | Create | Villager (Male) |
| 18:37 | Build | Farm |
| 18:39 | Build | Farm |
| 18:48 | Build | Farm |
| 18:52 | Create | Villager (Male) |
| 18:52 | Create | Villager (Male) |
| 18:57 | Build | Farm |
| 19:09 | Build | Farm |
| 19:10 | Build | Farm |
| 19:12 | Build | Farm |
| 19:14 | Build | Farm |
| 19:15 | Build | Farm |
| 19:17 | Build | Farm |
| 19:19 | Create | Villager (Male) |
| 19:19 | Create | Villager (Male) |
| 19:28 | Create | Villager (Male) |
| 19:35 | Build | Farm |
| 19:44 | Create | Villager (Male) |
| 19:55 | Build | Farm |
| 19:57 | Create | Villager (Male) |
| 19:58 | Create | Villager (Male) |
| 20:01 | Build | Farm |
| 20:03 | Create | Villager (Male) |
| 20:12 | Build | Farm |
| 20:16 | Create | Villager (Male) |
| 20:23 | Build | Farm |
| 20:27 | Build | Farm |
| 20:31 | Build | Farm |
| 20:33 | Create | Villager (Male) |
| 20:33 | Create | Villager (Male) |
| 20:33 | Create | Villager (Male) |
| 20:36 | Build | Farm |
| 20:38 | Build | Farm |
| 20:40 | Build | Farm |
| 20:40 | Build | Farm |
| 20:41 | Build | Farm |
| 20:42 | Build | Farm |
| 20:42 | Build | Farm |
| 20:42 | Build | Farm |
| 20:43 | Build | Farm |
| 20:43 | Build | Farm |
| 20:44 | Build | Farm |
| 20:44 | Build | Farm |
| 20:45 | Build | Farm |
| 20:45 | Build | Farm |
| 20:45 | Build | Farm |
| 20:46 | Build | Farm |
| 20:46 | Build | Farm |
| 20:48 | Create | Villager (Male) |
| 20:59 | Create | Villager (Male) |
| 21:00 | Create | Villager (Male) |
| 21:02 | Build | Farm |
| 21:05 | Create | Villager (Male) |
| 21:05 | Create | Villager (Male) |
| 21:14 | Create | Villager (Male) |
| 21:18 | Build | Farm |
| 21:24 | Build | Farm |
| 21:27 | Create | Villager (Male) |
| 21:32 | Create | Villager (Male) |
| 21:33 | Create | Villager (Male) |
| 21:39 | Build | Farm |
| 21:42 | Build | Farm |
| 21:43 | Create | Villager (Male) |
| 21:43 | Create | Villager (Male) |
| 21:47 | Build | Farm |
| 21:50 | Create | Villager (Male) |
| 22:05 | Create | Villager (Male) |
| 22:05 | Create | Villager (Male) |
| 22:06 | Create | Villager (Male) |
| 22:21 | Build | Town Center |
| 22:25 | Create | Villager (Male) |
| 22:26 | Create | Villager (Male) |
| 22:26 | Create | Villager (Male) |
| 22:29 | Build | Farm |
| 22:37 | Create | Villager (Male) |
| 22:37 | Create | Villager (Male) |
| 22:37 | Create | Villager (Male) |
| 22:38 | Create | Villager (Male) |
| 22:55 | Create | Villager (Male) |
| 22:56 | Create | Villager (Male) |
| 22:57 | Create | Villager (Male) |
Build order — SoloTheDog
First 150 of 977 actions detected
| 0:03 | Create | Villager (Male) |
| 0:03 | Create | Villager (Male) |
| 0:03 | Create | Villager (Male) |
| 0:03 | Create | Villager (Male) |
| 0:06 | Build | House |
| 0:08 | Build | House |
| 1:26 | Create | Villager (Male) |
| 2:02 | Create | Villager (Male) |
| 2:20 | Create | Villager (Male) |
| 2:36 | Create | Villager (Male) |
| 2:53 | Build | House |
| 3:00 | Build | Lumber Camp |
| 3:05 | Create | Villager (Male) |
| 3:40 | Create | Villager (Male) |
| 3:40 | Create | Villager (Male) |
| 4:05 | Create | Villager (Male) |
| 5:20 | Create | Villager (Male) |
| 5:20 | Research | Loom |
| 5:21 | Create | Villager (Male) |
| 5:24 | Create | Villager (Male) |
| 5:25 | Create | Villager (Male) |
| 5:25 | Create | Villager (Male) |
| 5:39 | Build | House |
| 5:55 | Build | Mill |
| 6:40 | Create | Villager (Male) |
| 6:41 | Create | Villager (Male) |
| 7:53 | Create | Villager (Male) |
| 7:54 | Create | Villager (Male) |
| 8:21 | Build | Mining Camp |
| 8:39 | Research | Loom |
| 8:57 | Research | Feudal Age |
| 9:01 | Build | House |
| 11:41 | Age | Feudal Age |
| 11:46 | Create | Villager (Male) |
| 11:46 | Create | Villager (Male) |
| 11:55 | Build | Market |
| 11:58 | Build | Blacksmith |
| 12:35 | Research | Castle Age |
| 13:25 | Build | Stone Wall |
| 13:53 | Build | House |
| 13:55 | Build | House |
| 13:57 | Build | House |
| 13:58 | Build | House |
| 14:24 | Build | Mining Camp |
| 14:56 | Build | Gate |
| 15:16 | Age | Castle Age |
| 15:24 | Create | Villager (Male) |
| 15:24 | Create | Villager (Male) |
| 15:25 | Create | Villager (Male) |
| 15:42 | Build | Town Center |
| 15:58 | Build | Farm |
| 15:59 | Build | Farm |
| 15:59 | Build | Farm |
| 16:00 | Build | Farm |
| 16:03 | Research | Double-Bit Axe |
| 16:05 | Research | Horse Collar |
| 16:42 | Build | Town Center |
| 16:45 | Create | Villager (Male) |
| 16:45 | Create | Villager (Male) |
| 16:46 | Create | Villager (Male) |
| 16:50 | Research | Bow Saw |
| 16:52 | Research | Heavy Plow |
| 17:15 | Build | Farm |
| 17:25 | Create | Villager (Male) |
| 17:35 | Build | Farm |
| 17:55 | Build | Farm |
| 18:00 | Create | Villager (Male) |
| 18:22 | Build | Farm |
| 18:23 | Build | Farm |
| 18:27 | Create | Villager (Male) |
| 18:38 | Build | Farm |
| 18:42 | Build | Farm |
| 18:48 | Build | Farm |
| 18:54 | Create | Villager (Male) |
| 19:15 | Build | Farm |
| 19:22 | Create | Villager (Male) |
| 19:30 | Build | Barracks |
| 19:31 | Create | Villager (Male) |
| 19:44 | Create | Villager (Male) |
| 19:58 | Build | Stone Wall |
| 20:00 | Create | Villager (Male) |
| 20:02 | Create | Villager (Male) |
| 20:06 | Build | Farm |
| 20:13 | Build | Farm |
| 20:22 | Create | Villager (Male) |
| 20:36 | Build | Archery Range |
| 20:38 | Create | Villager (Male) |
| 20:38 | Create | Villager (Male) |
| 20:57 | Create | Villager (Male) |
| 21:00 | Create | Villager (Male) |
| 21:03 | Build | Farm |
| 21:11 | Create | Villager (Male) |
| 21:16 | Build | Farm |
| 21:22 | Create | Villager (Male) |
| 21:30 | Build | Farm |
| 21:34 | Create | Villager (Male) |
| 21:49 | Build | Farm |
| 21:49 | Build | Farm |
| 21:50 | Build | Farm |
| 21:50 | Build | Farm |
| 21:52 | Create | Villager (Male) |
| 21:53 | Create | Villager (Male) |
| 22:09 | Build | Stone Wall |
| 22:10 | Create | Villager (Male) |
| 22:11 | Create | Villager (Male) |
| 22:15 | Build | Archery Range |
| 22:18 | Create | Villager (Male) |
| 22:23 | Create | Villager (Male) |
| 22:25 | Build | Farm |
| 22:31 | Build | Farm |
| 22:38 | Build | Farm |
| 22:43 | Build | Farm |
| 22:44 | Create | Villager (Male) |
| 22:45 | Create | Villager (Male) |
| 22:58 | Create | Villager (Male) |
| 23:01 | Create | Villager (Male) |
| 23:19 | Build | Lumber Camp |
| 23:22 | Build | Farm |
| 23:32 | Create | Villager (Male) |
| 23:33 | Create | Villager (Male) |
| 23:33 | Create | Villager (Male) |
| 23:44 | Build | House |
| 23:45 | Build | House |
| 23:52 | Research | Wheelbarrow |
| 23:59 | Create | Villager (Male) |
| 24:00 | Create | Villager (Male) |
| 24:02 | Research | Crossbowman (upgrade) |
| 24:18 | Build | Farm |
| 24:18 | Build | Farm |
| 24:19 | Build | Farm |
| 24:19 | Build | Farm |
| 24:20 | Build | Farm |
| 24:21 | Build | Farm |
| 24:33 | Create | Villager (Male) |
| 24:34 | Create | Villager (Male) |
| 25:13 | Build | Farm |
| 25:15 | Create | Villager (Male) |
| 25:16 | Create | Villager (Male) |
| 25:16 | Create | Villager (Male) |
| 25:22 | Build | Farm |
| 25:25 | Create | Villager (Male) |
| 25:25 | Create | Villager (Male) |
| 25:26 | Create | Villager (Male) |
| 25:41 | Build | House |
| 25:42 | Build | House |
| 25:44 | Build | House |
| 25:45 | Build | House |
| 25:50 | Build | House |
| 25:51 | Build | House |
| 25:52 | Build | House |
Build order — Rogue1Banana
First 150 of 888 actions detected
| 0:04 | Build | House |
| 0:05 | Build | House |
| 0:06 | Research | Loom |
| 0:14 | Create | Villager (Male) ×4 |
| 0:14 | Research | Loom |
| 0:19 | Create | Villager (Male) ×3 |
| 0:50 | Build | Palisade Wall |
| 1:26 | Build | Palisade Wall |
| 1:41 | Build | Palisade Wall |
| 2:07 | Create | Villager (Male) |
| 2:54 | Create | Villager (Male) |
| 3:19 | Build | Lumber Camp |
| 3:25 | Create | Villager (Male) |
| 3:51 | Create | Villager (Male) |
| 4:22 | Create | Villager (Male) |
| 4:39 | Build | House |
| 4:40 | Build | House |
| 4:41 | Create | Villager (Male) |
| 5:07 | Create | Villager (Male) |
| 5:15 | Create | Villager (Male) |
| 5:43 | Build | House |
| 5:45 | Build | House |
| 5:48 | Create | Villager (Male) |
| 6:04 | Create | Villager (Male) |
| 6:41 | Create | Villager (Male) |
| 6:42 | Create | Villager (Male) |
| 7:05 | Build | Mill |
| 7:52 | Create | Villager (Male) |
| 8:17 | Create | Villager (Male) ×5 |
| 8:33 | Build | Mill |
| 10:09 | Create | Villager (Male) |
| 10:31 | Research | Feudal Age |
| 10:40 | Build | Farm |
| 10:42 | Build | Farm |
| 10:43 | Build | Farm |
| 10:44 | Build | Farm |
| 10:45 | Build | Farm |
| 10:47 | Build | Farm |
| 11:22 | Build | Lumber Camp |
| 12:26 | Create | Villager (Male) |
| 12:26 | Create | Villager (Male) |
| 12:26 | Create | Villager (Male) |
| 12:34 | Build | Mining Camp |
| 13:15 | Create | Villager (Male) |
| 13:51 | Create | Villager (Male) |
| 14:02 | Build | Palisade Wall |
| 14:06 | Build | Palisade Wall |
| 14:08 | Build | Palisade Wall |
| 14:09 | Build | Palisade Wall |
| 14:33 | Build | Mill |
| 14:46 | Create | Villager (Male) |
| 14:51 | Build | Blacksmith |
| 15:01 | Build | Market |
| 15:08 | Create | Villager (Male) |
| 15:36 | Create | Villager (Male) |
| 16:21 | Research | Castle Age |
| 16:33 | Research | Double-Bit Axe |
| 16:34 | Research | Gold Mining |
| 17:13 | Research | Horse Collar |
| 17:31 | Build | Stone Wall |
| 17:56 | Build | Mining Camp |
| 18:30 | Create | Villager (Male) |
| 18:31 | Create | Villager (Male) |
| 18:38 | Build | House |
| 18:40 | Build | House |
| 18:41 | Build | House |
| 18:43 | Build | House |
| 18:43 | Build | House |
| 18:46 | Build | House |
| 18:48 | Build | House |
| 19:09 | Build | Town Center |
| 19:22 | Build | Farm |
| 19:23 | Build | Farm |
| 19:25 | Build | Farm |
| 19:49 | Create | Villager (Male) ×5 |
| 19:51 | Create | Villager (Male) ×5 |
| 20:08 | Create | Villager (Male) |
| 20:08 | Create | Villager (Male) |
| 20:33 | Build | Farm |
| 20:52 | Build | Farm |
| 21:00 | Build | Farm |
| 21:08 | Build | Farm |
| 21:17 | Build | Farm |
| 21:48 | Build | Farm |
| 21:49 | Research | Wheelbarrow |
| 21:49 | Research | Town Watch |
| 21:54 | Research | Stone Mining |
| 21:54 | Research | Gold Shaft Mining |
| 22:09 | Research | Bow Saw |
| 22:14 | Create | Villager (Male) ×5 |
| 22:26 | Create | Villager (Male) |
| 22:31 | Build | Farm |
| 22:44 | Build | Monastery |
| 22:46 | Build | House |
| 22:59 | Create | Villager (Male) ×3 |
| 23:58 | Build | Farm |
| 24:00 | Build | Farm |
| 24:02 | Create | Monk |
| 24:03 | Research | Fervor |
| 24:10 | Build | Farm |
| 24:16 | Build | House |
| 24:17 | Build | House |
| 24:18 | Build | House |
| 24:19 | Build | House |
| 24:20 | Build | House |
| 24:21 | Build | House |
| 24:22 | Build | House |
| 24:23 | Build | House |
| 24:27 | Create | Villager (Male) |
| 24:27 | Create | Villager (Male) |
| 24:28 | Create | Villager (Male) |
| 24:28 | Create | Villager (Male) |
| 24:33 | Build | Farm |
| 24:50 | Build | University |
| 25:10 | Build | Farm |
| 25:16 | Create | Villager (Male) |
| 25:16 | Create | Villager (Male) |
| 25:16 | Create | Villager (Male) |
| 25:19 | Build | Town Center |
| 25:25 | Build | Farm |
| 26:06 | Build | Market |
| 26:10 | Build | Market |
| 26:14 | Create | Villager (Male) ×5 |
| 26:21 | Research | Fortified Wall (upgrade) |
| 26:21 | Research | Murder Holes |
| 26:22 | Research | Ballistics |
| 26:32 | Research | Masonry |
| 26:51 | Create | Villager (Male) ×5 |
| 27:01 | Build | Mining Camp |
| 27:04 | Create | Villager (Male) ×4 |
| 27:46 | Build | Farm |
| 27:47 | Build | Farm |
| 27:51 | Research | Hand Cart |
| 28:02 | Research | Heavy Plow |
| 28:51 | Build | Farm |
| 28:54 | Build | Farm |
| 29:04 | Create | Villager (Male) |
| 29:05 | Create | Villager (Male) |
| 29:05 | Create | Villager (Male) |
| 29:05 | Create | Villager (Male) |
| 29:10 | Research | Caravan |
| 29:24 | Build | House |
| 29:25 | Build | House |
| 29:26 | Build | House |
| 29:26 | Build | House |
| 29:29 | Build | House |
| 29:30 | Build | House |
| 29:48 | Build | Farm |
| 29:50 | Create | Villager (Male) |
| 29:50 | Create | Villager (Male) |
Build order — [Baratos] Roler The Lag Bringer
First 150 of 2439 actions detected
| 0:02 | Create | Villager (Male) |
| 0:02 | Create | Villager (Male) |
| 0:03 | Build | House |
| 0:05 | Build | House |
| 0:06 | Create | Villager (Male) |
| 0:20 | Create | Villager (Male) |
| 0:29 | Research | Loom |
| 0:31 | Create | Villager (Male) |
| 0:31 | Create | Villager (Male) |
| 1:09 | Build | Palisade Wall |
| 1:53 | Create | Villager (Male) |
| 1:53 | Create | Villager (Male) |
| 2:25 | Build | House |
| 2:33 | Create | Villager (Male) |
| 2:33 | Create | Villager (Male) |
| 2:56 | Create | Villager (Male) |
| 2:57 | Create | Villager (Male) |
| 3:21 | Create | Villager (Male) |
| 3:22 | Create | Villager (Male) |
| 3:46 | Create | Villager (Male) |
| 3:46 | Create | Villager (Male) |
| 4:14 | Create | Villager (Male) |
| 4:59 | Create | Villager (Male) |
| 4:59 | Create | Villager (Male) |
| 5:08 | Build | Lumber Camp |
| 5:11 | Create | Villager (Male) |
| 6:27 | Create | Villager (Male) |
| 6:27 | Create | Villager (Male) |
| 6:27 | Create | Villager (Male) |
| 6:28 | Create | Villager (Male) |
| 6:28 | Create | Villager (Male) |
| 6:28 | Create | Villager (Male) |
| 6:46 | Create | Villager (Male) |
| 7:04 | Create | Villager (Male) |
| 7:04 | Create | Villager (Male) |
| 7:26 | Create | Villager (Male) |
| 7:40 | Build | House |
| 7:44 | Create | Villager (Male) |
| 8:07 | Build | Mill |
| 8:17 | Create | Villager (Male) |
| 8:47 | Build | Mining Camp |
| 8:57 | Create | Villager (Male) |
| 10:18 | Research | Feudal Age |
| 10:26 | Build | House |
| 11:08 | Create | Villager (Male) |
| 11:57 | Create | Villager (Male) |
| 12:29 | Age | Feudal Age |
| 12:31 | Build | Farm |
| 12:41 | Build | Market |
| 12:45 | Build | Blacksmith |
| 13:09 | Build | Farm |
| 13:19 | Create | Villager (Male) |
| 13:33 | Research | Castle Age |
| 13:34 | Create | Villager (Male) |
| 13:52 | Build | Farm |
| 13:58 | Research | Double-Bit Axe |
| 15:31 | Build | Farm |
| 15:40 | Build | Farm |
| 16:00 | Research | Gold Mining |
| 16:24 | Age | Castle Age |
| 16:28 | Create | Villager (Male) |
| 16:35 | Build | Siege Workshop |
| 16:43 | Build | House |
| 16:46 | Create | Villager (Male) |
| 16:46 | Create | Villager (Male) |
| 16:52 | Build | Town Center |
| 16:58 | Build | Farm |
| 17:09 | Build | Farm |
| 17:12 | Create | Villager (Male) |
| 17:33 | Create | Mangonel |
| 17:35 | Create | Villager (Male) |
| 17:35 | Create | Villager (Male) |
| 17:45 | Create | Villager (Male) |
| 18:06 | Build | Outpost |
| 18:08 | Create | Villager (Male) |
| 18:08 | Create | Villager (Male) |
| 18:08 | Create | Villager (Male) |
| 18:08 | Create | Villager (Male) |
| 18:35 | Create | Villager (Male) |
| 18:35 | Create | Villager (Male) |
| 18:35 | Create | Villager (Male) |
| 18:43 | Create | Villager (Male) |
| 19:03 | Build | Barracks |
| 19:09 | Create | Villager (Male) |
| 19:14 | Build | Mining Camp |
| 19:24 | Create | Villager (Male) |
| 19:25 | Create | Villager (Male) |
| 19:27 | Research | Town Watch |
| 19:33 | Create | Villager (Male) |
| 19:54 | Build | Town Center |
| 19:56 | Create | Villager (Male) |
| 19:56 | Create | Villager (Male) |
| 20:07 | Research | Stone Mining |
| 20:10 | Build | House |
| 20:20 | Build | House |
| 20:20 | Build | House |
| 20:20 | Build | House |
| 20:21 | Build | House |
| 20:21 | Build | House |
| 20:21 | Build | House |
| 20:29 | Build | Monastery |
| 20:31 | Create | Villager (Male) |
| 20:31 | Create | Villager (Male) |
| 20:32 | Create | Villager (Male) |
| 20:47 | Create | Villager (Male) |
| 20:47 | Create | Villager (Male) |
| 20:52 | Build | Mining Camp |
| 20:56 | Create | Villager (Male) |
| 20:56 | Create | Villager (Male) |
| 21:13 | Build | Farm |
| 21:13 | Build | Farm |
| 21:13 | Build | Farm |
| 21:13 | Build | Farm |
| 21:13 | Build | Farm |
| 21:14 | Build | Farm |
| 21:24 | Build | Farm |
| 21:34 | Build | Farm |
| 21:41 | Create | Villager (Male) |
| 21:41 | Create | Villager (Male) |
| 21:47 | Build | Lumber Camp |
| 21:52 | Create | Villager (Male) |
| 21:52 | Create | Villager (Male) |
| 22:07 | Create | Villager (Male) |
| 22:13 | Build | Farm |
| 22:18 | Build | Farm |
| 22:20 | Build | Farm |
| 22:23 | Build | Farm |
| 22:25 | Create | Villager (Male) |
| 22:25 | Create | Villager (Male) |
| 22:34 | Create | Villager (Male) |
| 22:43 | Create | Villager (Male) |
| 22:43 | Create | Villager (Male) |
| 22:43 | Create | Villager (Male) |
| 22:49 | Build | Farm |
| 22:49 | Build | Farm |
| 22:50 | Build | Farm |
| 22:50 | Build | Farm |
| 22:50 | Build | Farm |
| 23:03 | Create | Monk |
| 23:36 | Research | Wheelbarrow |
| 23:38 | Create | Villager (Male) |
| 23:38 | Create | Villager (Male) |
| 23:38 | Create | Villager (Male) |
| 23:51 | Build | Farm |
| 23:51 | Build | Farm |
| 23:52 | Build | Farm |
| 23:52 | Build | Farm |
| 23:54 | Create | Villager (Male) |
| 23:55 | Create | Villager (Male) |
| 24:22 | Build | Stable |
Build order — michaelye023755
First 150 of 2146 actions detected
| 0:02 | Create | Villager (Male) |
| 0:02 | Research | Loom |
| 0:03 | Research | Loom |
| 0:09 | Build | House |
| 0:26 | Create | Villager (Male) |
| 0:26 | Create | Villager (Male) |
| 0:27 | Create | Villager (Male) |
| 1:20 | Build | Palisade Wall |
| 2:13 | Create | Villager (Male) |
| 2:13 | Create | Villager (Male) |
| 2:26 | Build | Palisade Wall |
| 2:51 | Create | Villager (Male) |
| 2:52 | Create | Villager (Male) |
| 3:30 | Create | Villager (Male) |
| 3:30 | Create | Villager (Male) |
| 3:37 | Build | House |
| 3:45 | Create | Villager (Male) |
| 3:45 | Create | Villager (Male) |
| 4:20 | Create | Villager (Male) |
| 4:21 | Create | Villager (Male) |
| 4:51 | Build | Lumber Camp |
| 5:13 | Create | Villager (Male) |
| 5:13 | Create | Villager (Male) |
| 5:13 | Create | Villager (Male) |
| 5:50 | Build | House |
| 6:09 | Create | Villager (Male) |
| 6:09 | Create | Villager (Male) |
| 6:29 | Create | Villager (Male) |
| 6:53 | Create | Villager (Male) |
| 6:56 | Build | House |
| 7:03 | Create | Villager (Male) |
| 7:30 | Create | Villager (Male) |
| 8:12 | Create | Villager (Male) |
| 8:24 | Create | Villager (Male) |
| 8:30 | Create | Villager (Male) |
| 9:02 | Create | Villager (Male) |
| 9:13 | Build | Mill |
| 9:56 | Create | Villager (Male) |
| 10:30 | Research | Feudal Age |
| 10:31 | Research | Feudal Age |
| 10:44 | Build | Mining Camp |
| 10:53 | Build | Mining Camp |
| 11:45 | Build | House |
| 11:47 | Build | House |
| 11:58 | Create | Villager (Male) |
| 11:58 | Create | Villager (Male) |
| 12:04 | Build | Farm |
| 12:05 | Build | Farm |
| 12:06 | Build | Farm |
| 12:07 | Build | Farm |
| 12:08 | Build | Farm |
| 12:31 | Build | Lumber Camp |
| 12:40 | Age | Feudal Age |
| 12:42 | Build | Farm |
| 12:52 | Create | Villager (Male) |
| 12:53 | Create | Villager (Male) |
| 13:08 | Research | Double-Bit Axe |
| 13:54 | Build | Stone Wall |
| 13:59 | Build | Stone Wall |
| 14:06 | Build | Stone Wall |
| 14:24 | Build | Blacksmith |
| 14:32 | Create | Villager (Male) |
| 14:52 | Build | Gate |
| 15:18 | Create | Villager (Male) |
| 15:24 | Build | Market |
| 15:29 | Create | Villager (Male) |
| 16:03 | Research | Castle Age |
| 16:04 | Research | Castle Age |
| 16:19 | Build | Farm |
| 16:21 | Build | Farm |
| 16:28 | Build | Farm |
| 16:50 | Build | Farm |
| 17:13 | Build | House |
| 17:14 | Build | House |
| 17:35 | Build | Lumber Camp |
| 18:37 | Research | Wheelbarrow |
| 18:41 | Create | Villager (Male) |
| 18:48 | Age | Castle Age |
| 18:55 | Build | Town Center |
| 19:03 | Create | Villager (Male) |
| 19:35 | Build | Town Center |
| 19:39 | Create | Villager (Male) |
| 19:55 | Create | Villager (Male) |
| 19:56 | Create | Villager (Male) |
| 20:20 | Create | Villager (Male) |
| 20:28 | Create | Villager (Male) |
| 20:28 | Create | Villager (Male) |
| 20:34 | Create | Villager (Male) |
| 20:41 | Build | Town Center |
| 20:47 | Create | Villager (Male) |
| 20:48 | Create | Villager (Male) |
| 20:49 | Create | Villager (Male) |
| 20:55 | Research | Bow Saw |
| 21:05 | Build | Farm |
| 21:11 | Create | Villager (Male) |
| 21:12 | Create | Villager (Male) |
| 21:13 | Create | Villager (Male) |
| 21:25 | Research | Gold Mining |
| 21:26 | Research | Stone Mining |
| 21:29 | Create | Villager (Male) |
| 21:30 | Create | Villager (Male) |
| 21:32 | Create | Villager (Male) |
| 21:32 | Create | Villager (Male) |
| 21:39 | Build | Mining Camp |
| 22:05 | Create | Villager (Male) |
| 22:14 | Build | Farm |
| 22:15 | Build | Farm |
| 22:16 | Build | Farm |
| 22:17 | Create | Villager (Male) |
| 22:26 | Build | Farm |
| 22:28 | Build | Farm |
| 22:29 | Build | Farm |
| 22:30 | Build | Farm |
| 22:32 | Build | Farm |
| 22:33 | Create | Villager (Male) |
| 22:41 | Build | Farm |
| 22:44 | Build | Farm |
| 22:45 | Build | Farm |
| 22:47 | Build | Farm |
| 22:50 | Create | Villager (Male) |
| 22:55 | Build | Farm |
| 22:58 | Build | Farm |
| 23:02 | Create | Villager (Male) |
| 23:09 | Build | Farm |
| 23:12 | Create | Villager (Male) |
| 23:25 | Build | Farm |
| 23:27 | Build | Farm |
| 23:28 | Create | Villager (Male) |
| 23:31 | Create | Villager (Male) |
| 23:31 | Create | Villager (Male) |
| 23:42 | Create | Villager (Male) |
| 23:49 | Build | Farm |
| 23:50 | Build | Farm |
| 23:52 | Build | Farm |
| 23:54 | Build | Farm |
| 23:56 | Create | Villager (Male) |
| 23:58 | Create | Villager (Male) |
| 24:01 | Build | House |
| 24:02 | Build | House |
| 24:03 | Build | House |
| 24:09 | Build | Farm |
| 24:13 | Create | Villager (Male) |
| 24:13 | Create | Villager (Male) |
| 24:19 | Create | Villager (Male) |
| 24:32 | Create | Villager (Male) |
| 24:33 | Create | Villager (Male) |
| 24:35 | Create | Villager (Male) |
| 24:42 | Build | Farm |
| 24:44 | Build | Farm |
| 24:45 | Build | Farm |
Build order — sergio-h-h
First 150 of 1462 actions detected
| 0:01 | Create | Villager (Male) ×4 |
| 0:02 | Create | Villager (Male) ×4 |
| 0:05 | Build | House |
| 0:06 | Build | House |
| 0:18 | Research | Loom |
| 0:19 | Create | Villager (Male) ×3 |
| 0:19 | Create | Villager (Male) ×3 |
| 1:35 | Build | Palisade Wall |
| 2:20 | Build | Palisade Wall |
| 2:45 | Create | Villager (Male) |
| 3:02 | Build | Palisade Wall |
| 3:42 | Create | Villager (Male) |
| 3:46 | Build | Palisade Wall |
| 4:16 | Build | Palisade Wall |
| 4:21 | Create | Villager (Male) |
| 4:22 | Create | Villager (Male) |
| 4:28 | Build | Palisade Wall |
| 4:32 | Build | Palisade Wall |
| 4:51 | Build | House |
| 5:06 | Build | Palisade Wall |
| 5:08 | Create | Villager (Male) |
| 5:08 | Create | Villager (Male) |
| 5:20 | Create | Villager (Male) |
| 5:34 | Create | Villager (Male) |
| 5:34 | Create | Villager (Male) |
| 6:23 | Create | Villager (Male) |
| 6:47 | Create | Villager (Male) |
| 6:57 | Build | House |
| 6:59 | Build | House |
| 7:17 | Create | Villager (Male) |
| 7:43 | Create | Villager (Male) |
| 7:43 | Create | Villager (Male) |
| 8:00 | Create | Villager (Male) |
| 8:00 | Create | Villager (Male) |
| 8:16 | Build | Palisade Wall |
| 8:21 | Create | Villager (Male) |
| 8:36 | Build | Mining Camp |
| 8:39 | Create | Villager (Male) ×2 |
| 9:09 | Build | Palisade Wall |
| 9:12 | Create | Villager (Male) |
| 9:12 | Create | Villager (Male) |
| 9:17 | Build | Mill |
| 9:28 | Create | Villager (Male) |
| 9:28 | Create | Villager (Male) |
| 9:45 | Create | Villager (Male) |
| 10:06 | Build | House |
| 10:07 | Build | House |
| 10:34 | Create | Villager (Male) ×3 |
| 10:54 | Build | Lumber Camp |
| 11:03 | Build | Lumber Camp |
| 12:08 | Research | Feudal Age |
| 12:16 | Build | Outpost |
| 12:37 | Create | Villager (Male) ×2 |
| 12:37 | Create | Villager (Male) ×2 |
| 13:05 | Create | Villager (Male) |
| 13:11 | Build | Outpost |
| 13:17 | Build | Mill |
| 13:20 | Create | Villager (Male) |
| 13:20 | Create | Villager (Male) |
| 13:41 | Create | Villager (Male) |
| 13:41 | Create | Villager (Male) |
| 14:18 | Age | Feudal Age |
| 14:21 | Build | Stone Wall |
| 14:24 | Build | Stone Wall |
| 14:28 | Create | Villager (Male) |
| 14:28 | Create | Villager (Male) |
| 14:47 | Build | Blacksmith |
| 14:50 | Build | Market |
| 14:53 | Create | Villager (Male) |
| 15:15 | Create | Villager (Male) ×5 |
| 15:21 | Build | Stone Wall |
| 15:47 | Create | Villager (Male) |
| 16:01 | Create | Villager (Male) |
| 16:13 | Research | Castle Age |
| 16:13 | Research | Castle Age |
| 16:24 | Build | Stone Wall |
| 16:33 | Research | Double-Bit Axe |
| 16:40 | Build | House |
| 16:41 | Build | House |
| 16:42 | Build | House |
| 16:44 | Build | House |
| 17:00 | Create | Villager (Male) ×3 |
| 17:00 | Create | Villager (Male) ×3 |
| 18:04 | Build | Outpost |
| 18:15 | Build | Stone Wall |
| 18:33 | Build | Mining Camp |
| 19:06 | Age | Castle Age |
| 19:13 | Build | Farm |
| 19:32 | Create | Villager (Male) |
| 20:06 | Create | Villager (Male) |
| 20:22 | Build | Mining Camp |
| 20:35 | Build | Town Center |
| 20:44 | Create | Villager (Male) |
| 21:43 | Build | Town Center |
| 21:54 | Create | Villager (Male) ×5 |
| 22:02 | Build | Mining Camp |
| 22:17 | Build | Stone Wall |
| 22:27 | Build | Outpost |
| 22:30 | Build | Farm |
| 22:35 | Create | Villager (Male) ×3 |
| 22:48 | Build | Farm |
| 23:19 | Build | Stone Wall |
| 23:26 | Build | Farm |
| 23:40 | Create | Villager (Male) |
| 23:45 | Build | Monastery |
| 23:50 | Build | Farm |
| 24:05 | Build | Farm |
| 24:11 | Create | Monk |
| 24:21 | Build | Farm |
| 24:23 | Build | Mill |
| 24:25 | Create | Villager (Male) |
| 24:30 | Build | Farm |
| 24:43 | Build | Farm |
| 24:55 | Build | Outpost |
| 25:00 | Build | Farm |
| 25:01 | Create | Villager (Male) |
| 25:28 | Create | Villager (Male) |
| 25:35 | Build | Farm |
| 25:47 | Build | Stone Wall |
| 25:48 | Create | Villager (Male) |
| 25:55 | Build | Stone Wall |
| 26:02 | Build | Farm |
| 26:03 | Create | Villager (Male) |
| 26:13 | Build | Castle |
| 26:23 | Create | Villager (Male) |
| 26:33 | Build | Farm |
| 26:34 | Build | Mill |
| 26:35 | Create | Villager (Male) |
| 26:38 | Build | Farm |
| 26:44 | Build | Farm |
| 26:46 | Build | Mill |
| 26:48 | Create | Villager (Male) |
| 26:52 | Build | Farm |
| 27:00 | Create | Villager (Male) |
| 27:13 | Build | Market |
| 27:16 | Create | Villager (Male) |
| 27:20 | Build | Farm |
| 27:26 | Build | Farm |
| 27:28 | Create | Villager (Male) |
| 27:37 | Build | Farm |
| 27:38 | Create | Villager (Male) |
| 27:47 | Build | Outpost |
| 27:48 | Create | Villager (Male) |
| 27:56 | Build | University |
| 28:07 | Build | House |
| 28:09 | Build | House |
| 28:10 | Build | House |
| 28:11 | Build | House |
| 28:14 | Build | House |
| 28:15 | Create | Villager (Male) ×3 |
Match timeline
| 0:50 | Rogue1Banana · wall_segment Palisade Wall x6 |
| 1:09 | [Baratos] Roler The Lag Bringer · wall_segment Palisade Wall x8 |
| 1:20 | michaelye023755 · wall_segment Palisade Wall x21 |
| 1:26 | Rogue1Banana · wall_segment Palisade Wall x9 |
| 1:35 | sergio-h-h · wall_segment Palisade Wall x21 |
| 1:41 | Rogue1Banana · wall_segment Palisade Wall x6 |
| 2:20 | sergio-h-h · wall_segment Palisade Wall x12 |
| 2:26 | michaelye023755 · wall_segment Palisade Wall x15 |
| 3:02 | sergio-h-h · wall_segment Palisade Wall x7 |
| 3:46 | sergio-h-h · wall_segment Palisade Wall x5 |
| 4:16 | sergio-h-h · wall_segment Palisade Wall x1 |
| 4:28 | sergio-h-h · wall_segment Palisade Wall x5 |
| 4:32 | sergio-h-h · wall_segment Palisade Wall x4 |
| 5:06 | sergio-h-h · wall_segment Palisade Wall x9 |
| 8:16 | sergio-h-h · wall_segment Palisade Wall x5 |
| 9:09 | sergio-h-h · wall_segment Palisade Wall x5 |
| 11:41 | SoloTheDog · age_up feudal |
| 12:24 | [GDL] Lissom · age_up feudal |
| 12:29 | [Baratos] Roler The Lag Bringer · age_up feudal |
| 12:40 | michaelye023755 · age_up feudal |
| 13:25 | SoloTheDog · wall_segment Stone Wall x11 |
| 13:54 | michaelye023755 · wall_segment Stone Wall x4 |
| 13:59 | michaelye023755 · wall_segment Stone Wall x17 |
| 14:02 | Rogue1Banana · wall_segment Palisade Wall x1 |
| 14:06 | michaelye023755 · wall_segment Stone Wall x1 |
| 14:06 | Rogue1Banana · wall_segment Palisade Wall x1 |
| 14:08 | Rogue1Banana · wall_segment Palisade Wall x1 |
| 14:09 | Rogue1Banana · wall_segment Palisade Wall x1 |
| 14:18 | sergio-h-h · age_up feudal |
| 14:21 | sergio-h-h · wall_segment Stone Wall x5 |
| 14:24 | sergio-h-h · wall_segment Stone Wall x7 |
| 15:10 | [GDL] Lissom · first_market_buy 100 stone |
| 15:16 | SoloTheDog · age_up castle |
| 15:21 | sergio-h-h · wall_segment Stone Wall x9 |
| 16:24 | sergio-h-h · wall_segment Stone Wall x12 |
| 16:24 | [Baratos] Roler The Lag Bringer · age_up castle |
| 16:33 | [GDL] Lissom · age_up castle |
| 16:35 | [Baratos] Roler The Lag Bringer · first_building Siege Workshop |
| 17:31 | Rogue1Banana · wall_segment Stone Wall x7 |
| 18:15 | sergio-h-h · wall_segment Stone Wall x19 |
| 18:48 | michaelye023755 · age_up castle |
| 19:03 | [Baratos] Roler The Lag Bringer · first_building Barracks |
| 19:06 | sergio-h-h · age_up castle |
| 19:30 | SoloTheDog · first_building Barracks |
| 19:58 | SoloTheDog · wall_segment Stone Wall x13 |
| 20:29 | [Baratos] Roler The Lag Bringer · first_building Monastery |
| 20:36 | SoloTheDog · first_building Archery Range |
| 22:09 | SoloTheDog · wall_segment Stone Wall x11 |
| 22:17 | sergio-h-h · wall_segment Stone Wall x11 |
| 22:41 | [Baratos] Roler The Lag Bringer · first_market_buy 100 food |
| 22:44 | Rogue1Banana · first_building Monastery |
| 23:19 | sergio-h-h · wall_segment Stone Wall x17 |
| 23:45 | sergio-h-h · first_building Monastery |
| 24:22 | [Baratos] Roler The Lag Bringer · first_building Stable |
| 24:42 | [GDL] Lissom · first_building Monastery |
| 25:06 | michaelye023755 · first_building Castle |
| 25:09 | [GDL] Lissom · first_building Castle |
| 25:34 | michaelye023755 · first_building Monastery |
| 25:47 | sergio-h-h · wall_segment Stone Wall x11 |
| 25:55 | sergio-h-h · wall_segment Stone Wall x27 |
| 26:13 | sergio-h-h · first_building Castle |
| 26:20 | SoloTheDog · first_building Castle |
| 26:20 | [Baratos] Roler The Lag Bringer · wall_segment Stone Wall x3 |
| 28:21 | [GDL] Lissom · first_building Barracks |
| 29:06 | SoloTheDog · first_building Monastery |
| 29:36 | sergio-h-h · wall_segment Stone Wall x1 |
| 29:57 | [GDL] Lissom · first_building Siege Workshop |
| 30:33 | michaelye023755 · first_building Barracks |
| 31:01 | [GDL] Lissom · age_up imperial |
| 31:03 | [Baratos] Roler The Lag Bringer · wall_segment Stone Wall x1 |
| 31:25 | SoloTheDog · age_up imperial |
| 31:27 | sergio-h-h · wall_segment Stone Wall x20 |
| 31:34 | michaelye023755 · first_building Stable |
| 31:43 | Rogue1Banana · first_building Castle |
| 31:51 | Rogue1Banana · first_building Barracks |
| 32:10 | michaelye023755 · age_up imperial |
| 32:38 | Rogue1Banana · first_building Archery Range |
| 34:07 | [Baratos] Roler The Lag Bringer · first_building Castle |
| 34:09 | [Baratos] Roler The Lag Bringer · first_building Archery Range |
| 35:44 | Rogue1Banana · first_market_sell 500 wood |
| 35:52 | Rogue1Banana · first_market_buy 500 food |
| 36:46 | sergio-h-h · wall_segment Stone Wall x24 |
| 36:49 | [Baratos] Roler The Lag Bringer · age_up imperial |
| 37:25 | sergio-h-h · first_building Barracks |
| 37:26 | sergio-h-h · age_up imperial |
| 38:17 | sergio-h-h · first_building Archery Range |
| 41:13 | michaelye023755 · first_market_sell 500 wood |
| 42:36 | Rogue1Banana · first_building Siege Workshop |
| 43:53 | SoloTheDog · first_building Stable |
| 45:53 | sergio-h-h · first_building Siege Workshop |
| 47:21 | michaelye023755 · first_building Siege Workshop |
| 50:31 | michaelye023755 · first_market_buy 100 stone |
| 53:06 | SoloTheDog · first_market_sell 500 wood |
| 56:48 | Rogue1Banana · tribute_sent a jugador 1 |
| 56:48 | Rogue1Banana · tribute_sent a jugador 2 |
| 56:48 | Rogue1Banana · tribute_sent a jugador 4 |
| 56:48 | Rogue1Banana · tribute_sent a jugador 5 |
| 56:48 | Rogue1Banana · tribute_sent a jugador 6 |
| 60:18 | sergio-h-h · first_building Stable |
| 61:11 | [Baratos] Roler The Lag Bringer · first_market_sell 500 wood |
| 62:34 | SoloTheDog · wall_segment Stone Wall x12 |
| 62:40 | SoloTheDog · wall_segment Stone Wall x11 |
| 67:05 | sergio-h-h · first_market_sell 500 wood |
| 71:46 | [GDL] Lissom · tribute_sent a jugador 1 |
| 71:46 | [GDL] Lissom · tribute_sent a jugador 3 |
| 71:46 | [GDL] Lissom · tribute_sent a jugador 4 |
| 71:46 | [GDL] Lissom · tribute_sent a jugador 5 |
| 71:46 | [GDL] Lissom · tribute_sent a jugador 6 |
| 72:51 | Rogue1Banana · wall_segment Palisade Wall x4 |
| 80:37 | sergio-h-h · wall_segment Stone Wall x46 |
| 80:47 | SoloTheDog · wall_segment Stone Wall x4 |
| 84:36 | SoloTheDog · wall_segment Stone Wall x1 |
| 84:40 | SoloTheDog · wall_segment Stone Wall x7 |
| 84:47 | sergio-h-h · wall_segment Stone Wall x8 |
| 88:19 | [GDL] Lissom · tribute_sent a jugador 1 |
| 88:19 | [GDL] Lissom · tribute_sent a jugador 3 |
| 88:19 | [GDL] Lissom · tribute_sent a jugador 4 |
| 88:19 | [GDL] Lissom · tribute_sent a jugador 5 |
| 88:20 | [GDL] Lissom · tribute_sent a jugador 6 |
| 93:16 | sergio-h-h · tribute_sent a jugador 1 |
| 93:16 | sergio-h-h · tribute_sent a jugador 2 |
| 93:16 | sergio-h-h · tribute_sent a jugador 3 |
| 93:16 | sergio-h-h · tribute_sent a jugador 4 |
| 93:16 | sergio-h-h · tribute_sent a jugador 5 |
| 93:42 | [Baratos] Roler The Lag Bringer · tribute_sent a jugador 1 |
| 93:42 | [Baratos] Roler The Lag Bringer · tribute_sent a jugador 2 |
| 93:42 | [Baratos] Roler The Lag Bringer · tribute_sent a jugador 3 |
| 93:42 | [Baratos] Roler The Lag Bringer · tribute_sent a jugador 5 |
| 93:42 | [Baratos] Roler The Lag Bringer · tribute_sent a jugador 6 |
| 94:21 | [Baratos] Roler The Lag Bringer · tribute_sent a jugador 1 |
| 94:21 | [Baratos] Roler The Lag Bringer · tribute_sent a jugador 2 |
| 94:21 | [Baratos] Roler The Lag Bringer · tribute_sent a jugador 3 |
| 94:21 | [Baratos] Roler The Lag Bringer · tribute_sent a jugador 5 |
| 94:21 | [Baratos] Roler The Lag Bringer · tribute_sent a jugador 6 |
| 95:55 | sergio-h-h · wall_segment Stone Wall x21 |
| 96:36 | [GDL] Lissom · tribute_sent a jugador 1 |
| 96:36 | [GDL] Lissom · tribute_sent a jugador 3 |
| 96:36 | [GDL] Lissom · tribute_sent a jugador 4 |
| 96:36 | [GDL] Lissom · tribute_sent a jugador 5 |
| 96:36 | [GDL] Lissom · tribute_sent a jugador 6 |
| 99:55 | [Baratos] Roler The Lag Bringer · tribute_sent a jugador 1 |
| 99:55 | [Baratos] Roler The Lag Bringer · tribute_sent a jugador 2 |
| 99:55 | [Baratos] Roler The Lag Bringer · tribute_sent a jugador 3 |
| 99:55 | [Baratos] Roler The Lag Bringer · tribute_sent a jugador 5 |
| 99:55 | [Baratos] Roler The Lag Bringer · tribute_sent a jugador 6 |
| 105:23 | [Baratos] Roler The Lag Bringer · tribute_sent a jugador 1 |
| 105:24 | [Baratos] Roler The Lag Bringer · tribute_sent a jugador 2 |
| 105:24 | [Baratos] Roler The Lag Bringer · tribute_sent a jugador 3 |
| 105:24 | [Baratos] Roler The Lag Bringer · tribute_sent a jugador 5 |
| 105:24 | [Baratos] Roler The Lag Bringer · tribute_sent a jugador 6 |
| 107:39 | [Baratos] Roler The Lag Bringer · tribute_sent a jugador 1 |
| 107:39 | [Baratos] Roler The Lag Bringer · tribute_sent a jugador 2 |
| 107:39 | [Baratos] Roler The Lag Bringer · tribute_sent a jugador 3 |
| 107:39 | [Baratos] Roler The Lag Bringer · tribute_sent a jugador 5 |
| 107:39 | [Baratos] Roler The Lag Bringer · tribute_sent a jugador 6 |
| 109:50 | [Baratos] Roler The Lag Bringer · tribute_sent a jugador 1 |
| 109:50 | [Baratos] Roler The Lag Bringer · tribute_sent a jugador 2 |
| 109:50 | [Baratos] Roler The Lag Bringer · tribute_sent a jugador 3 |
| 109:51 | [Baratos] Roler The Lag Bringer · tribute_sent a jugador 5 |
| 109:51 | [Baratos] Roler The Lag Bringer · tribute_sent a jugador 6 |
| 110:02 | sergio-h-h · tribute_sent a jugador 1 |
| 110:02 | sergio-h-h · tribute_sent a jugador 2 |
| 110:02 | sergio-h-h · tribute_sent a jugador 3 |
| 110:02 | sergio-h-h · tribute_sent a jugador 4 |
| 110:02 | sergio-h-h · tribute_sent a jugador 5 |
| 113:16 | [Baratos] Roler The Lag Bringer · tribute_sent a jugador 1 |
| 113:16 | [Baratos] Roler The Lag Bringer · tribute_sent a jugador 2 |
| 113:16 | [Baratos] Roler The Lag Bringer · tribute_sent a jugador 3 |
| 113:16 | [Baratos] Roler The Lag Bringer · tribute_sent a jugador 5 |
| 113:16 | [Baratos] Roler The Lag Bringer · tribute_sent a jugador 6 |
| 118:15 | [Baratos] Roler The Lag Bringer · tribute_sent a jugador 1 |
| 118:15 | [Baratos] Roler The Lag Bringer · tribute_sent a jugador 2 |
| 118:15 | [Baratos] Roler The Lag Bringer · tribute_sent a jugador 3 |
| 118:15 | [Baratos] Roler The Lag Bringer · tribute_sent a jugador 5 |
| 118:15 | [Baratos] Roler The Lag Bringer · tribute_sent a jugador 6 |
| 120:50 | SoloTheDog · first_building Siege Workshop |
| 121:56 | [Baratos] Roler The Lag Bringer · tribute_sent a jugador 1 |
| 121:56 | [Baratos] Roler The Lag Bringer · tribute_sent a jugador 2 |
| 121:56 | [Baratos] Roler The Lag Bringer · tribute_sent a jugador 3 |
| 121:56 | [Baratos] Roler The Lag Bringer · tribute_sent a jugador 5 |
| 121:56 | [Baratos] Roler The Lag Bringer · tribute_sent a jugador 6 |
| 122:41 | sergio-h-h · wall_segment Stone Wall x9 |
| 125:06 | [Baratos] Roler The Lag Bringer · tribute_sent a jugador 1 |
| 125:06 | [Baratos] Roler The Lag Bringer · tribute_sent a jugador 2 |
| 125:06 | [Baratos] Roler The Lag Bringer · tribute_sent a jugador 3 |
| 125:06 | [Baratos] Roler The Lag Bringer · tribute_sent a jugador 5 |
| 125:06 | [Baratos] Roler The Lag Bringer · tribute_sent a jugador 6 |
| 125:43 | [Baratos] Roler The Lag Bringer · tribute_sent a jugador 1 |
| 125:43 | [Baratos] Roler The Lag Bringer · tribute_sent a jugador 2 |
| 125:43 | [Baratos] Roler The Lag Bringer · tribute_sent a jugador 3 |
| 125:43 | [Baratos] Roler The Lag Bringer · tribute_sent a jugador 5 |
| 125:43 | [Baratos] Roler The Lag Bringer · tribute_sent a jugador 6 |
| 126:38 | Rogue1Banana · wall_segment Stone Wall x5 |
| 127:42 | [Baratos] Roler The Lag Bringer · tribute_sent a jugador 1 |
| 127:42 | [Baratos] Roler The Lag Bringer · tribute_sent a jugador 2 |
| 127:42 | [Baratos] Roler The Lag Bringer · tribute_sent a jugador 3 |
| 127:42 | [Baratos] Roler The Lag Bringer · tribute_sent a jugador 5 |
| 127:42 | [Baratos] Roler The Lag Bringer · tribute_sent a jugador 6 |
| 129:12 | SoloTheDog · resign |
| 132:15 | Rogue1Banana · wall_segment Stone Wall x9 |
| 135:04 | [Baratos] Roler The Lag Bringer · tribute_sent a jugador 1 |
| 135:04 | [Baratos] Roler The Lag Bringer · tribute_sent a jugador 2 |
| 135:04 | [Baratos] Roler The Lag Bringer · tribute_sent a jugador 3 |
| 135:04 | [Baratos] Roler The Lag Bringer · tribute_sent a jugador 5 |
| 135:04 | [Baratos] Roler The Lag Bringer · tribute_sent a jugador 6 |
[ AI ANALYSIS · 1 CREDIT ]
What really happened in this match?
Wolo.gg analyzes every decision: build order, eco, micro, common mistakes by bracket. Personalized analysis on WhatsApp or Discord in 30 seconds.
Civ guide
Goths
Perfil
Jugador #1121508